 Dungeon Crawl Stone Soup version 0.29.0-4-gdea44cf6ec (webtiles) character file.

Game seed: 16973237255322330924

196 qw the Chopper (level 5, -4/30 HPs)
             Began as a Tengu Warper on Aug 28, 2022.
             Killed by divine providence
             ... invoked by an orc priest
              (10 damage)
             ... on level 4 of the Dungeon.
             The game lasted 00:00:19 (3093 turns).

qw the Chopper (Tengu Warper)                       Turns: 3093, Time: 00:00:20

Health: -4/30      AC: 10    Str: 13    XL:     5   Next: 74%
Magic:  9/9        EV: 11    Int: 13    God:
Gold:   113        SH:  0    Dex: 14    Spells: 8/8 levels left

rFire   . . .      SeeInvis .   Y - +0 hand axe
rCold   . . .      Faith    .   (no shield)
rNeg    . . .      Spirit   .   d - +0 scale mail
rPois   .          Reflect  .   (helmet restricted)
rElec   .          Harm     .   (no cloak)
rCorr   +          Rampage  .   (no gloves)
Will    .....                   (boots unavailable)
Stlth   ..........              (no amulet)
HPRegen 0.10/turn               l - ring of resist corrosion
MPRegen 0.11/turn               m - +4 ring of protection

@: about to teleport, flying quickly and evasively, quick
A: beak, talons 3, nimble flight
a: no special abilities


You were on level 4 of the Dungeon.
You visited 1 branch of the dungeon, and saw 4 of its levels.

You collected 113 gold pieces.


Innate Abilities, Weirdness & Mutations

You have a beak for a mouth.
You have claws for feet.
Your magical nature lets you fly swiftly and evasively.


   Skills:
 - Level 2.0 Fighting
 + Level 6.3 Axes
 - Level 1.0 Throwing
 - Level 1.1 Armour
 - Level 2.1 Dodging
 - Level 2.0 Spellcasting
 - Level 2.4 Translocations


You had 8 spell levels left.
You didn't know any spells.
Your spell library contained the following spells:

 Spells                   Type           Power      Damage    Failure   Level
 Blink                    Tloc           14%        N/A       56%         2
 Gell's Gravitas          Tloc           7%         N/A       80%         3
 Lesser Beckoning         Tloc           7%         N/A       80%         3
 Teleport Other           Tloc           7%         N/A       80%         3
 Manifold Assault         Tloc           7%         N/A       100%        5

Inventory:

Hand Weapons
 j - a +0 mace of draining
 Y - a +0 hand axe (weapon)
Missiles
 e - 3 silver boomerangs (quivered)
Armour
 d - a +0 scale mail (worn)
Jewellery
 l - a ring of resist corrosion (left hand)
 m - a +4 ring of protection (right hand)
Scrolls
 a - 2 scrolls of identify
 c - a scroll of enchant weapon {unknown}
 f - a scroll of teleportation
Potions
 b - a potion of brilliance {unknown}
 g - a potion of curing
 h - a potion of might
 k - a potion of cancellation

Dungeon Overview and Level Annotations

Branches:
Dungeon (4/15)
 Temple: D:4-7

Altars:
The Shining One

Annotations:
D:4 Blork the orc


Message History

Beogh smites you!
Ouch! That really hurt!
An orc comes into view. It is wielding a +0 hand axe.
An orc wizard comes into view. It is wielding a +0 dagger.
The orc wizard shouts!
The orc shouts!
An endoplasm comes into view.
Blork the orc comes into view.
He is wielding a +0 scimitar of electrocution.
Blork the orc shouts!
The endoplasm quivers.
You hit the orc but do no damage. You claw the orc. You peck the orc.
You kill the orc!
You hit the orc priest. You claw the orc priest.
The orc priest is heavily wounded.
The orc wizard gestures wildly while chanting.
The orc wizard flickers and vanishes!
Deactivating autopickup; reactivate with Ctrl-A.
You hit the orc priest.
The orc priest is severely wounded.
The orc priest hits you with a +0 short sword.
You closely miss the orc priest. You claw the orc priest.
The orc priest is almost dead.
You hit the orc priest. You closely miss the orc.
The orc hits you but does no damage.
The orc priest hits you but does no damage.
You barely miss the orc priest. Your kick misses the orc priest.
The orc priest is almost dead.
You hit the orc but do no damage.
You hit the orc priest but do no damage.
The orc priest hits you but does no damage.
The orc barely misses you.
The orc priest hits you with a +0 short sword.
3093 ||| READING 2 scrolls of teleportation.
As you read the scroll of teleportation, it crumbles to dust.
You feel strangely unstable.
Blork the orc points at you and mumbles some strange words.
The puff of flame hits something!
The orc priest barely misses you. The orc closely misses you.
The orc priest calls down the wrath of Beogh upon you.
Beogh smites you!
You die...

##... ..#..........#
######### .####.#
.......#..# .###..##
....####..#
#......##....####..#
..####..........#..#
.##....#...........#
......... ...##....#
#...#..# #....#####
..###..#..
#o@o......
##........
#o).J.....
..........
#..o......
..........
....#.....
..........
...$.......
.......#..
............
......## #
#...#........
......#
#............
...:...#


You could see Blork the orc, 2 orc priests, an orc and an endoplasm.

Vanquished Creatures
  A scorpion (D:4)
  Jessica (D:2)
  3 adders
  A gnoll (D:1)
  A shadow imp (D:4)
  A worm (D:3)
  2 dart slugs
  5 orcs
  6 endoplasms
  5 giant cockroaches
  5 goblins
  5 hobgoblins
  A kobold (D:1)
  3 quokkas
  6 ball pythons
  6 bats
  3 frilled lizards
  2 rats (D:3)
57 creatures vanquished.

Notes
Turn   | Place    | Note
-------+----------+-------------------------------------------
     0 | D:1      | qw the Tengu Warper began the quest for the Orb.
     0 | D:1      | Reached XP level 1. HP: 12/12 MP: 4/4
     0 | D:1      | 0 ||| qw: Version: 0.1-a-89-g26bdef1
     0 | D:1      | 0 ||| qw: Game counter: 2325
     0 | D:1      | 0 ||| qw: Always use a shield: true
     0 | D:1      | 0 ||| qw: God list: Okawaru
     0 | D:1      | 0 ||| qw: Allow faded altars: false
     0 | D:1      | 0 ||| qw: Do Orc after D:15 true
     0 | D:1      | 0 ||| qw: Do second Lair branch before Depths: true
     0 | D:1      | 0 ||| qw: Lair rune preference: random
     0 | D:1      | 0 ||| qw: Plans: Normal
     0 | D:1      | 0 ||| PLANNING D:1-11
   319 | D:1      | 319 ||| DROPPING +0 club.
   368 | D:1      | Reached XP level 2. HP: 13/17 MP: 6/6
   381 | D:1      | 381 ||| Stepping ~*~*~tactically~*~*~ (stealth).
   383 | D:1      | 383 ||| Stepping ~*~*~tactically~*~*~ (stealth).
   397 | D:1      | 397 ||| Stepping ~*~*~tactically~*~*~ (stealth).
   440 | D:1      | Reached skill level 3 in Axes
   460 | D:1      | Found a faded altar of an unknown god.
   462 | D:1      | 462 ||| Stepping ~*~*~tactically~*~*~ (stealth).
   583 | D:1      | 583 ||| Stepping ~*~*~tactically~*~*~ (hiding).
   685 | D:1      | 685 ||| Stepping ~*~*~tactically~*~*~ (hiding).
   788 | D:1      | 788 ||| Stepping ~*~*~tactically~*~*~ (hiding).
   790 | D:1      | 790 ||| Stepping ~*~*~tactically~*~*~ (hiding).
  1002 | D:1      | HP: 3/17 [gnoll/+0 club (6)]
  1005 | D:1      | Reached XP level 3. HP: 4/21 MP: 7/7
  1030 | D:1      | 1030 ||| Stepping ~*~*~tactically~*~*~ (stealth).
  1031 | D:1      | 1031 ||| Stepping ~*~*~tactically~*~*~ (stealth).
  1202 | D:1      | Reached skill level 4 in Axes
  1442 | D:1      | 1442 ||| DROPPING ring of magical power.
  1443 | D:1      | 1443 ||| UPGRADING to ring of resist corrosion.
  1444 | D:1      | 1444 ||| READING 3 scrolls labelled WIOHES EHAMP.
  1445 | D:1      | 1445 ||| READING 2 scrolls labelled ESERID NYDAD.
  1450 | D:1      | 1450 ||| READING scroll labelled YJAN UDESURAO.
  1451 | D:1      | 1451 ||| READING scroll labelled QEUMOM HUMM.
  1452 | D:1      | 1452 ||| DRINKING 2 bubbling clear potions.
  1453 | D:1      | 1453 ||| DRINKING 2 emerald potions.
  1493 | D:1      | 1493 ||| READING 2 scrolls of identify.
  1493 | D:1      | 1493 ||| IDENTIFYING bubbling yellow potion
  1494 | D:1      | 1494 ||| DROPPING scroll of blinking.
  1495 | D:1      | 1495 ||| DROPPING potion of magic.
  1496 | D:1      | 1496 ||| DROPPING potion of lignification.
  1515 | D:2      | Noticed Jessica
  1518 | D:2      | Killed Jessica
  1519 | D:2      | Reached XP level 4. HP: 26/26 MP: 8/8
  1630 | D:2      | 1630 ||| Stepping ~*~*~tactically~*~*~ (stealth).
  1631 | D:2      | 1631 ||| Stepping ~*~*~tactically~*~*~ (stealth).
  1632 | D:2      | 1632 ||| Stepping ~*~*~tactically~*~*~ (stealth).
  1634 | D:2      | 1634 ||| Stepping ~*~*~tactically~*~*~ (stealth).
  1682 | D:2      | 1682 ||| Stepping ~*~*~tactically~*~*~ (stealth).
  1689 | D:2      | 1689 ||| DROPPING +0 mace.
  1735 | D:2      | Found Wuzacusi's Jewellery Boutique.
  1960 | D:2      | 1960 ||| UPGRADING to +0 robe of cold resistance.
  1970 | D:2      | 1970 ||| DROPPING +6 ring of intelligence.
  1971 | D:2      | 1971 ||| UPGRADING to +4 ring of protection.
  1972 | D:2      | 1972 ||| READING 3 scrolls labelled SELUBA QIMIE.
  1973 | D:2      | 1973 ||| READING scroll labelled FOEH DUHIEBIXT.
  1974 | D:2      | 1974 ||| READING 2 scrolls of identify.
  1974 | D:2      | 1974 ||| IDENTIFYING black potion
  1975 | D:2      | 1975 ||| DROPPING 2 scrolls of immolation.
  1976 | D:2      | 1976 ||| DROPPING potion of berserk rage.
  2033 | D:3      | 2033 ||| Stepping ~*~*~tactically~*~*~ (stealth).
  2035 | D:3      | 2035 ||| Stepping ~*~*~tactically~*~*~ (stealth).
  2038 | D:3      | 2038 ||| Stepping ~*~*~tactically~*~*~ (stealth).
  2116 | D:3      | 2116 ||| Stepping ~*~*~tactically~*~*~ (stealth).
  2119 | D:3      | Reached skill level 5 in Axes
  2268 | D:3      | 2268 ||| Stepping ~*~*~tactically~*~*~ (stealth).
  2645 | D:3      | 2645 ||| Stepping ~*~*~tactically~*~*~ (stealth).
  2865 | D:3      | 2865 ||| DROPPING +0 leather armour.
  2866 | D:3      | 2866 ||| UPGRADING to +0 scale mail.
  2876 | D:3      | 2876 ||| DROPPING +0 robe of cold resistance.
  2877 | D:3      | 2877 ||| DRINKING 2 blue potions.
  2878 | D:3      | 2878 ||| READING 3 scrolls of identify.
  2878 | D:3      | 2878 ||| IDENTIFYING murky brown potion
  2913 | D:4      | Found a glowing golden altar of the Shining One.
  2954 | D:4      | Gained mutation: Your magical nature lets you fly swiftly
                  | and evasively. [Tengu growth]
  2954 | D:4      | Reached XP level 5. HP: 30/30 MP: 9/9
  2979 | D:4      | Reached skill level 6 in Axes
  3087 | D:4      | Noticed Blork the orc
  3092 | D:4      | HP: 6/30 [orc priest/+0 short sword (5)]
  3093 | D:4      | 3093 ||| READING 2 scrolls of teleportation.
  3093 | D:4      | Killed from afar by an orc priest

Levels and vault maps discovered:
D:1:      dpeg_chamrin_arrival_tetris, layout_basic,
          chequers_ecumenical_altar_simple
D:2:      layout_rooms, serial_shops, shop, uniq_jessica
D:3:      layout_basic
D:4:      layout_rooms, lemuel_round_altar, hangedman_decor_growths,
          uniq_blork_the_orc

Skill      XL: |  1  2  3  4  5 |
---------------+----------------+-----
Axes           | 3 4 5 6 |  6.3
Fighting       | |  2.0
Throwing       | |  1.0
Armour         | |  1.1
Dodging        | |  2.1
Spellcasting   | |  2.0
Translocations | |  2.4

Action                   |  1- 3 |  4- 6 || total
-------------------------+-------+-------++-------
Melee: Hand axe          |    36 |    91 ||   127
       Kick              |    12 |    28 ||    40
       Peck              |     3 |    10 ||    13
       Punch             |       |     1 ||     1
Throw: Boomerang         |     7 |    18 ||    25
  Use: Scroll            |     5 |     5 ||    10
       Potion            |     2 |     1 ||     3
Armor: Leather armour    |     8 |     1 ||     9
       Robe              |       |    10 ||    10
       Scale mail        |       |    17 ||    17
Dodge: Dodged            |    16 |    40 ||    56

Table legend:
 A = Non-vault XP
 B = Vault XP
 C = Vault XP percentage of total XP
 D = Non-vault monster count
 E = Vault monster count
 F = Vault count percentage of total count
                 A         B        C        D         E       F
            +---------+---------+-------+---------+---------+-------
      Total |     243 |      37 |  13.2 |      56 |       1 |   1.8
            +---------+---------+-------+---------+---------+-------
        D:1 |      45 |       0 |   0.0 |      20 |       0 |   0.0
        D:2 |      11 |      37 |  77.1 |       7 |       1 |  12.5
        D:3 |      63 |       0 |   0.0 |      23 |       0 |   0.0
        D:4 |     124 |       0 |   0.0 |       6 |       0 |   0.0
            +---------+---------+-------+---------+---------+-------
